 Dungeon Crawl Stone Soup version 0.20.1-1-g8b1a95d (webtiles) character file.

284 Inarius the Chiller (level 5, -6/41 HPs)
             Began as a Demigod Ice Elementalist on Dec 27, 2017.
             Mangled by an ogre
             ... wielding a +0 giant club
              (14 damage)
             ... on level 4 of the Dungeon.
             The game lasted 00:10:15 (4105 turns).

Inarius the Chiller (Demigod Ice Elementalist)      Turns: 4105, Time: 00:10:16

Health: -6/41      AC: 11    Str: 11    XL:     5   Next: 78%
Magic:  11/12      EV:  8    Int: 21    God:
Gold:   192        SH:  0    Dex: 16    Spells: 2/10 levels left

rFire    x x .     SeeInvis .   d - +0 rapier
rCold    + + +     Gourm    .   (no shield)
rNeg     . . .     Faith    .   y - +0 ice dragon scales
rPois    .         Spirit   .   (no helmet)
rElec    .         Reflect  .   (no cloak)
rCorr    .         Harm     .   r - +0 pair of gloves
MR       .....                  e - +0 pair of boots
Stlth    ..........             (no amulet)
Regen    0.2/turn               a - ring of ice
MPRegen  0.2/turn               (no ring)

@: very slightly contaminated
A: high mp 1
a: no special abilities


You were on level 4 of the Dungeon.
You were not hungry.

You visited 1 branch of the dungeon, and saw 4 of its levels.

You collected 192 gold pieces.

Inventory:

Hand Weapons
 d - a +0 rapier (weapon)
Armour
 e - a +0 pair of boots (worn)
 m - a +0 leather armour
 r - a +0 pair of gloves (worn)
 w - a +0 ring mail
 y - +0 ice dragon scales (worn)
Jewellery
 a - a ring of ice (left hand)
Scrolls
 c - 2 scrolls of recharging {unknown}
 g - 4 scrolls of identify {unknown}
 i - 4 scrolls of remove curse
 j - 2 scrolls of enchant armour {unknown}
 k - 2 scrolls of enchant weapon {unknown}
 l - 3 scrolls of teleportation {unknown}
 q - a scroll of random uselessness {unknown}
 v - 3 scrolls of amnesia {unknown}
Potions
 f - a potion of curing {unknown}
 h - a potion of magic {unknown}
 n - a potion of invisibility {unknown}
 p - a potion of might {unknown}
 s - a potion of ambrosia {unknown}
 x - a potion of lignification {unknown}
 z - a potion of heal wounds {unknown}
 B - 2 potions of agility {unknown}
Books
 b - a book of Frost

   Spells                             Type                      Level
   a - Freeze                         Ice                          1
   b - Throw Frost                    Conjuration/Ice              2
   c - Ozocubu's Armour               Charms/Ice                   3
   d - Throw Icicle                   Conjuration/Ice              4
   e - Summon Ice Beast               Ice/Summoning                4
Comestibles
 o - 2 fruits
 t - 2 royal jellies
 u - 2 bread rations
 A - a meat ration


   Skills:
 * Level 2.1 Fighting
 - Level 0.5 Short Blades
 - Level 1.0 Armour
 + Level 2.1 Dodging
 - Level 1.7 Stealth
 - Level 3.0 Spellcasting
 * Level 1.6 Conjurations
 + Level 0.3 Charms
 + Level 4.0 Ice Magic


You had 2 spell levels left.
You knew the following spells:

 Your Spells              Type           Power        Failure   Level  Hunger
a - Freeze                Ice            ####         22%         1    None
b - Throw Icicle          Conj/Ice       ###.....     98%         4    ####...
c - Ozocubu's Armour      Chrm/Ice       ###.....     82%         3    ###....


Dungeon Overview and Level Annotations

Branches:
Dungeon (4/15)
 Temple: D:4-7


Innate Abilities, Weirdness & Mutations

You have an increased reservoir of magic. (+10% MP)


Message History

Confirm with . or Enter, or press ? or * to list all spells.
Okay, then.
Unknown command.
Unknown command.
You barely miss the ogre.
The ogre is moderately wounded.
The ogre hits you but does no damage.
You hit the ogre.
The ogre is moderately wounded.
The ogre hits you with a giant club!!
Ouch! That really hurt!
* * * LOW HITPOINT WARNING * * *
You hit the ogre.
The ogre is heavily wounded.
The ogre hits you but does no damage.
You hit the ogre.
The ogre is heavily wounded.
The ogre closely misses you. The ogre hits you with a giant club!
You die...

...................+≈≈≈P≈≈.≈≈PP≈≈
...................#.♣≈≈≈≈.≈≈≈≈≈≈
######......###'####..♣≈≈........
#......#.....#####≈≈..♣≈P≈≈≈
#......#.....##.......#♣♣P≈≈
#......#......#........#♣♣♣♣
#......#......#.......##.≈♣♣
#......+......#.......##....
#......#...@.####+######....
#......#..O...#.......##....
P.≈..[.#...≈PPP.............
.≈PP...#..≈.≈≈≈.............
.≈≈P...'.PP≈PP≈.............
P♣≈P...#.≈P≈P.≈.......##....
P≈≈...#.P≈♣P..#########....
≈≈.P.$#P≈≈≈≈P.............. P≈≈
≈.#P≈≈PP.............>.


You could see an ogre.

Vanquished Creatures
  Duvessa (D:4)
  Dowan (D:4)
  5 adders
  2 oozes
  3 dart slugs (D:1)
  7 leopard geckos
  2 orcs
  5 giant cockroaches
  5 goblins
  13 hobgoblins
  A jackal (D:1)
  A quokka (D:2)
  7 bats
  6 frilled lizards
  9 rats
68 creatures vanquished.

Notes
Turn   | Place    | Note
-------+----------+-------------------------------------------
     0 | D:1      | Inarius the Demigod Ice Elementalist began the quest for the Orb.
     0 | D:1      | Reached XP level 1. HP: 14/14 MP: 5/5
   349 | D:1      | Reached XP level 2. HP: 21/22 MP: 1/7
   352 | D:1      | Reached skill level 3 in Ice Magic
   729 | D:1      | Reached XP level 3. HP: 25/27 MP: 6/8
  1109 | D:2      | Reached skill level 1 in Fighting
  1523 | D:2      | Reached XP level 4. HP: 28/35 MP: 7/10
  1699 | D:2      | Learned a level 4 spell: Throw Icicle
  1703 | D:2      | Learned a level 3 spell: Ozocubu's Armour
  2395 | D:3      | Reached skill level 1 in Conjurations
  2410 | D:3      | Found a burning altar of Makhleb.
  2670 | D:3      | Found a glowing silver altar of Zin.
  2671 | D:3      | Noticed an angel
  2671 | D:3      | Noticed a green death
  2935 | D:3      | Reached skill level 1 in Armour
  3487 | D:4      | Noticed an ogre
  3663 | D:4      | Noticed Dowan
  3677 | D:4      | Killed Dowan
  3677 | D:4      | Reached XP level 5. HP: 41/41 MP: 6/12
  3775 | D:4      | Noticed Duvessa
  3793 | D:4      | Killed Duvessa
  3793 | D:4      | Reached skill level 4 in Ice Magic
  4105 | D:4      | Mangled by an ogre

Skill      XL: |  1  2  3  4  5 |
---------------+----------------+-----
Spellcasting   | 2 3 |  3.0
Ice Magic      | 3 4 |  4.0
Dodging        | 2 |  2.1
Fighting       | 1 2 |  2.1
Conjurations   | 1 |  1.6
Armour         | 1 |  1.0
Short Blades   | |  0.5
Stealth        | |  1.7
Charms         | |  0.3

Action                   |  1- 3 |  4- 6 || total
-------------------------+-------+-------++-------
Melee: Unarmed           |     6 |       ||     6
       Dagger            |    44 |       ||    44
       Rapier            |    22 |    72 ||    94
 Cast: Freeze            |    35 |    32 ||    67
       Ozocubu's Armour  |       |     4 ||     4
  Use: Scroll            |       |     1 ||     1
 Stab: Sleeping          |     3 |     2 ||     5
  Eat: Chunk             |     2 |     4 ||     6
       Bread ration      |       |     1 ||     1
Armor: Robe              |    15 |       ||    15
       Leather armour    |    11 |    40 ||    51
       Ice dragon scales |       |     2 ||     2
Dodge: Dodged            |    64 |    82 ||   146
